 Dungeon Crawl Stone Soup version 0.20-a0-809-gaf7f668 (webtiles) character file.

914 polly the Slasher (level 7, -5/53 HPs)
             Began as a Demonspawn Gladiator on Mar 3, 2017.
             Was an Initiate of Wu Jian.
             Killed by nerve-wracking pain
             ... invoked by a shadow imp
              (13 damage)
             ... on level 5 of the Dungeon.
             The game lasted 00:05:46 (3941 turns).

polly the Slasher (Demonspawn Gladiator)            Turns: 3941, Time: 00:05:46

Health: -5/53      AC:  4    Str: 16    XL:     7   Next: 82%
Magic:  7/7        EV: 16    Int:  9    God:    Wu Jian [......]
Gold:   151        SH:  4    Dex: 20    Spells: 6/6 levels left

rFire    . . .     SeeInvis .   w - +4 rapier "Beastbane" {pierce, rElec rPois Dex+2}
rCold    . . .     Gourm    .   b - +0 leather armour
rNeg     . . .     Faith    +   (no shield)
rPois    +         Spirit   .   c - +0 helmet
rElec    +         Reflect  .   (no cloak)
rCorr    .         Harm     .   (no gloves)
MR       .....                  (no boots)
Stlth    ++........             k - amulet of faith
Regen    0.2/turn               D - +3 ring of dexterity
MPRegen  0.1/turn               q - +2 ring of evasion

@: no status effects
A: hooves 1, large bone plates 1, demonic guardian 1, spiny 1
a: Renounce Religion


You were on level 5 of the Dungeon.
You worshipped Wu Jian.
Wu Jian was noncommittal.
You were not hungry.

You visited 2 branches of the dungeon, and saw 6 of its levels.

You collected 151 gold pieces.

Inventory:

Hand Weapons
 w - the +4 rapier "Beastbane" (weapon) {pierce, rElec rPois Dex+2}
   (You found it on level 5 of the Dungeon)

   It inflicts extra damage upon your enemies.
   It affects your dexterity (+2).
   It insulates you from electricity.
   It protects you from poison.
Missiles
 d - 3 throwing nets (quivered)
Armour
 b - a +0 leather armour (worn)
 c - a +0 helmet (worn)
Jewellery
 k - an amulet of faith (around neck)
 q - a +2 ring of evasion (left hand)
 x - an uncursed ring of flight
 D - a +3 ring of dexterity (right hand)
Wands
 l - a wand of flame (15/48)
 s - a wand of iceblast (8/15)
Scrolls
 e - 4 scrolls of remove curse {unknown}
 g - 7 scrolls of teleportation {unknown}
 m - 8 scrolls of identify {unknown}
 r - a scroll of enchant weapon {unknown}
 u - 4 scrolls of enchant armour {unknown}
 v - 3 scrolls of fear {unknown}
 y - a scroll of recharging {unknown}
Potions
 h - 2 potions of heal wounds {unknown}
 i - 2 potions of curing
 j - 2 potions of lignification {unknown}
 o - a potion of cancellation
 p - 2 potions of flight
 t - a potion of berserk rage {unknown}
 z - a potion of brilliance {unknown}
Comestibles
 f - 4 bread rations
 n - 3 royal jellies
 B - a meat ration


   Skills:
 + Level 3.9 Fighting
   Level 5.8 Long Blades
 + Level 2.0 Throwing
 + Level 3.3 Armour
 + Level 4.1 Dodging
 + Level 2.3 Stealth


You had 6 spell levels left.
You didn't know any spells.

Dungeon Overview and Level Annotations

Branches:
Dungeon (5/15)             Temple (1/1) D:4

Altars:
Ashenzari
Fedhas
Kikubaaqudgha
Makhleb
Nemelex Xobeh
Sif Muna
Trog
Uskayaw
Vehumet
Wu Jian
Xom
The Shining One

Shops:
D:5 *


Innate Abilities, Weirdness & Mutations

You have large cloven feet.
You are partially covered in large bone plates. (SH +4)
A weak demonic guardian rushes to your aid.
You are partially covered in sharp spines.


Message History

Your shadow imp hits the orc priest.
Your iron imp hits the orc priest.
The orc priest hits your iron imp but does no damage.
Your shadow imp hits the orc priest.
A shadow imp comes into view.
The shadow imp shouts, "Decamp, thou qualling ditch-delivered pissant!"
The shadow imp puffs mist at you.
Found a stone staircase leading up.
The shadow imp gestures at you. Pain shoots through your body!
* * * LOW HITPOINT WARNING * * *
You completely miss the shadow imp. Your kick misses the shadow imp.
The shadow imp is struck by your spines.
The shadow imp misses you.
You closely miss the shadow imp.
You kick the shadow imp, but do no damage.
The shadow imp is heavily wounded.
The shadow imp gestures at you. Pain shoots through your body!
You die...

##..=#### #..[ #.##.##
#... #..#...# #.##
#.###..)# #.## ## #...#
#.## #...######.##
######...#...##.##
##.####.............#.##
..<...5@..5...........#
#..#.##.............###
######o..#...##
#...##### #...# ## #)..#
#. #55.# #. ##o## #.
#)#)# #.


You could see an orc priest, a shadow imp and a friendly shadow imp.

Vanquished Creatures
  The ghost of Icer the Covered, an amateur HaFi (D:4)
  Menkaure (D:4)
  A sky beast (D:5)
  A phantom (D:4)
  A scorpion (D:3)
  A howler monkey (D:5)
  An orc priest (D:3)
  2 worker ants (D:4)
  4 orc wizards
  6 adders
  An adder skeleton (D:4)
  A worm (D:2)
  A dart slug (D:2)
  3 leopard geckos
  15 orcs
  8 bats
  6 giant cockroaches
  6 goblins
  7 hobgoblins
  5 jackals
  4 quokkas
  2 ball pythons
  8 frilled lizards
  10 kobolds
  7 rats
103 creatures vanquished.

Vanquished Creatures (collateral kills)
  An orc wizard (D:4)
1 creature vanquished.

Grand Total: 104 creatures vanquished

Notes
Turn   | Place    | Note
-------+----------+-------------------------------------------
     0 | D:1      | polly the Demonspawn Gladiator began the quest for the Orb.
     0 | D:1      | Reached XP level 1. HP: 16/16 MP: 1/1
   325 | D:1      | Gained mutation: You are partially covered in sharp spines. [demonic ancestry]
   325 | D:1      | Reached XP level 2. HP: 22/22 MP: 2/2
   328 | D:1      | Reached skill level 3 in Long Blades
   856 | D:2      | Gained mutation: You are partially covered in large bone plates. (SH +4) [demonic ancestry]
   856 | D:2      | Reached XP level 3. HP: 21/28 MP: 3/3
  1182 | D:2      | Reached skill level 1 in Armour
  1316 | D:2      | Found a bloodstained altar of Trog.
  1599 | D:2      | Gained mutation: You have large cloven feet. [demonic ancestry]
  1599 | D:2      | Reached XP level 4. HP: 24/34 MP: 4/4
  1872 | D:3      | Reached skill level 1 in Stealth
  2047 | D:3      | Reached XP level 5. HP: 38/39 MP: 5/5
  2175 | D:3      | Reached skill level 4 in Long Blades
  2600 | D:4      | Noticed Menkaure
  2607 | D:4      | Killed Menkaure
  2607 | D:4      | Reached XP level 6. HP: 20/47 MP: 6/6
  2672 | D:4      | Noticed Icer's ghost (amateur HaFi)
  2726 | D:4      | Killed Icer's ghost
  2726 | D:4      | Reached skill level 5 in Long Blades
  2726 | D:4      | Gained mutation: A weak demonic guardian rushes to your aid. [demonic ancestry]
  2726 | D:4      | Reached XP level 7. HP: 13/52 MP: 7/7
  3017 | D:4      | Found a staircase to the Ecumenical Temple.
  3043 | Temple   | Entered the Ecumenical Temple
  3121 | Temple   | Became a worshipper of the Wu Jian Council
  3170 | D:4      | Found a hide-covered altar of Uskayaw.
  3685 | D:5      | Entered Level 5 of the Dungeon
  3686 | D:5      | Found Mulecwoc's General Store.
  3918 | D:5      | Got an ichor-stained rapier
  3919 | D:5      | Identified the +4 rapier "Beastbane" {pierce, rElec rPois Dex+2} (You found it on level 5 of the Dungeon)
  3941 | D:5      | Killed from afar by a shadow imp

Vault maps used:
D:1:      ncdulo_watergridlock, minmay_tree_intersection, minivault_4
D:2:      lemuel_round_altar, fountainhead
D:3:      first_bread, serial_bayou_lake_a
D:4:      nicolae_overflow_crystal_walls, minmay_temple_entry_large_hall,
          uniq_menkaure
D:5:      lemuel_coloured_pillars_altar, serial_shops, shop,
          kennysheep_generic_room_3
Temple:   eino_temple_scatter_basement

Skill      XL: |  1  2  3  4  5  6  7 |
---------------+----------------------+-----
Throwing       | 2 |  2.0
Long Blades    | 3 4 5 |  5.8
Dodging        | 3 4 |  4.1
Armour         | 1 2 3 |  3.3
Stealth        | 1 2 |  2.3
Fighting       | 3 |  3.9

Action                   |  1- 3 |  4- 6 |  7- 9 || total
-------------------------+-------+-------+-------++-------
Melee: Long sword        |    95 |    99 |    54 ||   248
       Kick              |       |    34 |    23 ||    57
       Rapier            |       |       |     7 ||     7
  Use: Potion            |     1 |     3 |       ||     4
 Stab: Sleeping          |     3 |       |     1 ||     4
       Distracted        |       |       |     3 ||     3
  Eat: Chunk             |     2 |     3 |     3 ||     8
       Royal jelly       |       |       |     1 ||     1
Armor: Leather armour    |    28 |    13 |     2 ||    43
Dodge: Dodged            |    67 |    51 |    35 ||   153
Block: Other             |    13 |    20 |     6 ||    39
       Rpst.: Long sword |    24 |    18 |    10 ||    52
